 Dungeon Crawl Stone Soup version 0.18-a0-1745-gffa9a88 (webtiles) character file.

46 Eucla the Gusty (level 3, 0/19 HPs)
             Began as a Gargoyle Air Elementalist on Apr 11, 2016.
             Slain by a hobgoblin (2 damage)
             ... led by Robin
             ... on level 2 of the Dungeon.
             The game lasted 00:03:29 (1324 turns).

Eucla the Gusty (Gargoyle Air Elementalist)         Turns: 1324, Time: 00:03:30

Health: 0/19       AC:  5    Str: 11    XL:     3   Next: 68%
Magic:  3/6        EV: 12    Int: 16    God:
Gold:   36         SH:  0    Dex: 10    Spells: 3 memorised, 0 levels left

rFire  . . .     SeeInvis .     (no weapon)
rCold  . . .     Gourm    .     a - +0 robe
rNeg   + . .     Faith    .     (no shield)
rPois  ∞         Spirit   .     (no helmet)
rElec  +         Dismiss  .     (no cloak)
rCorr  .         Reflect  .     (no gloves)
SustAt .         Harm     .     (no boots)
MR     .....                    (no amulet)
Stlth  +.........               (no ring)
                                (no ring)

@: confused, very slightly contaminated, not resistant to hostile enchantments,
very unstealthy
A: negative energy resistance 1, electricity resistance, unbreathing,
petrification resistance, rot immunity, AC +3
a: no special abilities


You were on level 2 of the Dungeon.
You were not hungry.

You visited 1 branch of the dungeon, and saw 2 of its levels.

You collected 36 gold pieces.

Inventory:

Armour
 a - a +0 robe (worn)
Wands
 k - a wand of acid (12/15)
Scrolls
 e - a scroll of magic mapping {unknown}
 g - a scroll of noise {unknown}
 h - 2 scrolls of identify {unknown}
 i - a scroll of recharging {unknown}
 l - a scroll of fear {unknown}
Potions
 f - a potion of brilliance {unknown}
 j - a potion of curing {unknown}
Books
 b - a book of Air

   Spells                             Type                      Level
   a - Shock                          Conjuration/Air              1
   b - Swiftness                      Charms/Air                   2
   c - Repel Missiles                 Charms/Air                   2
   d - Static Discharge               Conjuration/Air              3
   e - Lightning Bolt                 Conjuration/Air              5
Comestibles
 c - a bread ration


   Skills:
 - Level 1.5 Dodging
 - Level 2.1 Stealth
 + Level 2.3 Spellcasting
 + Level 2.3 Conjurations
 * Level 3.0 Air Magic


You couldn't memorise any spells.
You knew the following spells:

 Your Spells              Type           Power        Failure   Level  Hunger
a - Shock                 Conj/Air       ##..         10%         1    #......
b - Swiftness             Chrm/Air       #.......     17%         2    ###....
c - Static Discharge      Conj/Air       ##......     21%         3    ###....


Dungeon Overview and Level Annotations

Branches:
Dungeon (2/15)

Altars:

Annotations:
D:2 Robin


Innate Abilities, Weirdness & Mutations

You are resistant to torment.
Your stone body is resilient (AC +3).
You are immune to poison.
You resist negative energy.
You are resistant to electric shocks.
You can survive without breathing.
You are immune to petrification.
You are immune to rotting.


Message History

The hobgoblin hits you but does no damage.
The hobgoblin hits you with a club. The hobgoblin closely misses you.
A goblin comes into view. It is wielding a club.
You hit the hobgoblin but do no damage.
The hobgoblin is almost dead.
The goblin barely misses you. The hobgoblin closely misses you.
The hobgoblin barely misses you. The hobgoblin hits you with a club.
Unknown command.
You hit the hobgoblin but do no damage.
The hobgoblin is almost dead.
The goblin barely misses you. The hobgoblin closely misses you. x2
Unknown command.
Drink which item? (? for menu, Esc to quit)
It was a potion of ambrosia.
You are confused.
You feel invigorated. The hobgoblin hits you with a club.
The hobgoblin misses you. The goblin hits you with a club.
* * * LOW HITPOINT WARNING * * *
The hobgoblin hits you.
You die... #... #... ##ggg

#..gg ###.... ########
....... #......#
.......#####g.....########
......ggggg@g............##
.....w.#####g.....######..#
............g.##### ##.##
###.).........###########..#
.................†.........
#######.......#†####.#####.#
#.......#.#..#+### #..
#####....##†.......# ##.
#........##........# #.


You could see a worm, Robin, 4 hobgoblins and 4 goblins.

Vanquished Creatures
  An adder (D:2)
  3 dart slugs
  A giant cockroach (D:1)
  4 goblins
  7 hobgoblins
  3 kobolds (D:2)
  6 bats
  A giant newt (D:2)
  3 rats (D:1)
29 creatures vanquished.

Notes
Turn   | Place    | Note
--------------------------------------------------------------
     0 | D:1      | Eucla the Gargoyle Air Elementalist began the quest for the Orb.
     0 | D:1      | Reached XP level 1. HP: 10/10 MP: 3/3
   270 | D:1      | Reached XP level 2. HP: 3/15 MP: 0/5
   505 | D:1      | Learned a level 2 spell: Swiftness
  1137 | D:2      | Reached skill level 3 in Air Magic
  1137 | D:2      | Reached XP level 3. HP: 17/19 MP: 2/6
  1183 | D:2      | Learned a level 3 spell: Static Discharge
  1309 | D:2      | Noticed Robin
  1324 | D:2      | Slain by a hobgoblin

Vault maps used:
D:1:      lemuel_arrival_muddy
D:2:      okawaru_metal_pillars_3, uniq_robin, uniq_iyjb,
          uniq_crazy_yiuf_cottage

Skill      XL: |  1  2 |
---------------+-------+-----
Conjurations   | 2 |  2.3
Air Magic      | 3 |  3.0
Dodging        | |  1.5
Stealth        | |  2.1
Spellcasting   | |  2.3

Action                   || total
-------------------------++-------
Melee: Unarmed           ||    48
 Cast: Shock             ||    38
  Use: Potion            ||     1
  Eat: Meat ration       ||     1
